 Dungeon Crawl Stone Soup version 0.28-a0-850-g09de17f5b5 (webtiles) character file.

Game seed: 16749393529474629870

37 avis the Insei (level 3, -3/28 HPs)
             Began as a Djinni Transmuter on Nov 14, 2021.
             Killed from afar by an orc wizard (7 damage)
             ... with a magic dart
             ... on level 4 of the Dungeon.
             The game lasted 00:08:26 (2355 turns).

avis the Insei (Djinni Transmuter)                  Turns: 2355, Time: 00:08:27

Health: -3/28      AC:  2    Str: 10    XL:     3   Next: 60%
Gold:   72         EV: 20    Int: 14    God:
                   SH:  0    Dex: 18

rFire   . . .      SeeInvis .     - Unarmed
rCold   . . .      Faith    .   (shield currently unavailable)
rNeg    . . .      Spirit   .   (armour currently unavailable)
rPois   ∞          Reflect  .   (helmet currently unavailable)
rElec   .          Harm     .   (cloak currently unavailable)
rCorr   .          Rampage  .   (gloves currently unavailable)
Will    .....                   (boots unavailable)
Stlth   ++........              (no amulet)
HPRegen 0.09/turn               (no ring)
MPRegen 0.00/turn               (no ring)

@: spider-form (expiring), flying, very slightly contaminated
A: venomous fangs, flying, sickness immunity, tiny, (fire resistance 2), (cold
vulnerability 1), float, innate caster, hp casting, extra vitality 1
a: End Transformation


You were on level 4 of the Dungeon.
You were a venomous arachnid creature.
You visited 1 branch of the dungeon, and saw 3 of its levels.

You collected 72 gold pieces.

Inventory:

Missiles
 d - 14 stones
 g - 8 poisoned darts
 i - 13 bolts
 j - 26 arrows
Armour
 a - a +0 robe
 f - a +0 kite shield
 k - a +0 leather armour (melded)
Scrolls
 b - 2 scrolls of teleportation {unknown}
 h - a scroll of identify {unknown}
Potions
 c - a potion of degeneration {unknown}
 e - 2 potions of flight {unknown}


   Skills:
 * Level 2.1 Fighting
 - Level 3.0 Dodging
 - Level 3.0 Unarmed Combat
 - Level 2.0 Spellcasting


You couldn't memorise any spells.
You knew the following spells:

 Your Spells              Type           Power      Damage    Failure   Level
a - Beastly Appendage     Tmut           14%        N/A       26%         1
d - Magic Dart            Conj           28%        1d4       26%         1
l - Wereblood             Tmut           7%         N/A       34%         2
p - Spider Form           Tmut/Pois      7%         N/A       52%         3
q - Ice Form              Ice/Tmut       7%         N/A       87%         4
Your spell library was empty.

Dungeon Overview and Level Annotations

Branches:
Dungeon (2/15)

Altars:
Qazlal
Beogh


Innate Abilities, Weirdness & Mutations

You are a venomous arachnid creature.
You have poisonous fangs.
You are tiny and dextrous.
You are flying.
Your spellcasting is less reliable in this form.
Your armour is entirely melded.
You are incapable of wielding weapons or throwing items.
You are immune to sickness and miasma.
You are immune to poison.
((Your flesh is very heat resistant. (rF++)))
((You are vulnerable to cold. (rC-)))
You float through the air rather than walking.
You learn spells naturally, not from books.
Your magical power is your life essence.
You have superior vitality. (+4 HP)


Message History

The spell is extremely dangerous to cast (38% risk of failure)!
Continue anyway?
You turn into a venomous arachnid creature.
Your +0 leather armour melds into your body.
The hobgoblin hits you.
You hit the hobgoblin.
You kill the hobgoblin!
You barely miss something. Something hits you.
You closely miss something. You closely miss something.
You hear some strange, mumbled words.
You are confused.
The hobgoblin closely misses you.
You bump into the rock wall.
Something barely misses you.
An adder comes into view.
The hobgoblin closely misses you.
You bump into the rock wall.
Your transformation is almost over.
Something hits you. The hobgoblin closely misses you.
You bump into the rock wall.
Something barely misses you. The hobgoblin hits you.
You bump into the rock wall.
Something closely misses you. The hobgoblin barely misses you.
You closely miss something.
You feel less confused. Something hits you.
* * * LOW HITPOINT WARNING * * *
The hobgoblin closely misses you.
You barely miss the hobgoblin. Something hits you.
* * * LOW HITPOINT WARNING * * *
The hobgoblin completely misses you.
You hit the hobgoblin but do no damage. Something barely misses you.
The hobgoblin hits you.
* * * LOW HITPOINT WARNING * * *
You hit something. Something barely misses you.
The hobgoblin completely misses you.
You miss something.
You hear some strange, mumbled words.
A magic dart appears from out of thin air!
The magic dart hits you!
You die...

.. ...# .
.# #..#
.. .....#
#.#.#..#
......#
$#.#...S#
......{g#
#.†s#
#####


You could see an adder and a hobgoblin.

Vanquished Creatures
  A worm (D:2)
  3 dart slugs (D:1)
  An endoplasm (D:2)
  4 giant cockroaches (D:1)
  A goblin (D:1)
  3 hobgoblins
  3 kobolds
  2 quokkas (D:1)
  A ball python (D:1)
  3 bats (D:1)
  3 frilled lizards
  2 rats (D:1)
27 creatures vanquished.

Notes
Turn   | Place    | Note
-------+----------+-------------------------------------------
     0 | D:1      | avis the Djinni Transmuter began the quest for the Orb.
     0 | D:1      | Reached XP level 1. HP: 17/17 MP: 0/0
   453 | D:1      | Reached XP level 2. HP: 22/23 MP: 0/0
   945 | D:1      | Reached XP level 3. HP: 6/28 MP: 0/0
   945 | D:1      | Learned a level 1 spell: Magic Dart
  1187 | D:1      | Found a faded altar of an unknown god.
  1747 | D:2      | Found a stormy altar of Qazlal.
  2337 | D:2      | You are sucked into a shaft and drop 2 floors!
  2355 | D:4      | Killed from afar by an orc wizard

Illustrated notes

Levels and vault maps discovered:
D:1:      lemuel_arrival_lava_pool, layout_basic,
          hellmonk_ecumenical_altar_defaced_shrine, grunt_decor_cap,
          nrook_campfire
D:2:      layout_basic, basic_altar
D:4:      layout_loops_corners, serial_shops, nicolae_stop_n_shop_2, st_stairs_2

Skill      XL: |  1  2  3 |
---------------+----------+-----
Fighting       | 2 |  2.1
Spellcasting   | 2 |  2.0
Dodging        | 3 |  3.0
Unarmed Combat | |  3.0

Action                   || total
-------------------------++-------
Melee: Unarmed           ||    95
       Headbutt          ||    13
 Cast: Beastly Appendage ||    22
       Magic Dart        ||    17
       Spider Form       ||     1
 Stab: Sleeping          ||     2
Armor: Robe              ||    21
Dodge: Dodged            ||    65

Table legend: (Time is in decaauts)
 A = Elapsed time spent in this place.
 B = Non-inter-level travel time spent in this place.
 C = Inter-level travel time spent in this place.
 D = Time resting spent in this place.
 E = Time spent auto-exploring this place.
 F = Levels seen in this place.
 G = Mean time per level.
                   A        B        C        D        E       F      G
               +--------+--------+--------+--------+--------+-----+--------+
         Total |   2354 |   2173 |    181 |   1069 |    744 |   3 |  784.7 |
       Dungeon |   2354 |   2173 |    181 |   1069 |    744 |   3 |  784.7 |
               +--------+--------+--------+--------+--------+-----+--------+

Top non-repeatable levels by time:
     D:1: 2140 daAuts
     D:2: 196 daAuts
     D:4: 17 daAuts
